 Dungeon Crawl Stone Soup version 0.27-a0-242-ge0fc76b88b (webtiles) character file.

Game seed: 11138309501214001327

207 Borgoz the Slasher (level 5, -1/45 HPs)
             Began as a Ghoul Gladiator on Feb 3, 2021.
             Was an Initiate of Ashenzari.
             Killed from afar by Ijyb (4 damage)
             ... with a puff of flame
             ... on level 4 of the Dungeon.
             The game lasted 00:03:08 (3776 turns).

Borgoz the Slasher (Ghoul Gladiator)                Turns: 3776, Time: 00:03:09

Health: -1/45      AC:  4    Str: 18    XL:     5   Next: 85%
Magic:  4/4        EV: 13    Int:  3    God:    Ashenzari [......]
Gold:   179        SH:  0    Dex: 11    Spells: 4/4 levels left

rFire    . . .     SeeInvis .   a - +0 long sword
rCold    + . .     Faith    .   (no shield)
rNeg     + + +     Spirit   .   b - +0 leather armour
rPois    ∞         Reflect  .   c - +0 helmet
rElec    .         Harm     .   (no cloak)
rCorr    .         Rampage  .   (no gloves)
Will     .....                  (no boots)
Stlth    +.........             (no amulet)
HPRegen  0.00/turn              (no ring)
MPRegen  0.09/turn              (no ring)

@: no status effects
A: claws 1, cold resistance 1, negative energy resistance 3, inhibited
regeneration, torment resistance, unbreathing
a: Renounce Religion, Curse Item


You were on level 4 of the Dungeon.
You worshipped Ashenzari.
Ashenzari was noncommittal.
You visited 1 branch of the dungeon, and saw 4 of its levels.

You collected 179 gold pieces.

Inventory:

Hand Weapons
 a - a +0 long sword (weapon)
Missiles
 d - 2 throwing nets (quivered)
Armour
 b - a +0 leather armour (worn)
 c - a +0 helmet (worn)
Scrolls
 f - a scroll of blinking {unknown}
 g - a scroll of fog {unknown}
 h - a scroll of noise {unknown}
 j - 2 scrolls of magic mapping {unknown}
 k - a scroll of teleportation
 m - 2 scrolls of identify {unknown}
Potions
 e - a potion of mutation {unknown}
 l - a potion of brilliance {unknown}


   Skills:
 + Level 3.4 Fighting
 * Level 4.1 Long Blades
 - Level 1.7 Throwing
 + Level 2.0 Armour
 + Level 3.4 Dodging


You had 4 spell levels left.
You didn't know any spells.
Your spell library was empty.

Dungeon Overview and Level Annotations

Branches:
Dungeon (4/15)
 Temple: D:4-7

Altars:
Ashenzari
Elyvilon
Gozag
Uskayaw
Vehumet
Wu Jian

Annotations:
D:4 Ijyb


Innate Abilities, Weirdness & Mutations

You thrive by killing the living.
You are immune to poison.
You have sharp fingernails.
Your flesh is cold resistant. (rC+)
You are immune to negative energy. (rN+++)
You do not regenerate when monsters are visible.
You are immune to unholy pain and torment.
You can survive without breathing.


Message History

The worker ant bites you.
* * * LOW HITPOINT WARNING * * *
You feel much better. The worker ant bites you.
Ijyb zaps a wand.
The puff of flame hits you!
* * * LOW HITPOINT WARNING * * *
Ijyb struggles against the net.
The net rips apart, and Ijyb comes free!
You miss Ijyb.
Ijyb is heavily wounded.
The worker ant bites you but does no damage.
The worker ant bites you.
* * * LOW HITPOINT WARNING * * *
You hit Ijyb but do no damage.
Ijyb is heavily wounded.
Ijyb hits you but does no damage. The worker ant closely misses you.
The worker ant closely misses you. The worker ant bites you.
* * * LOW HITPOINT WARNING * * *
Ijyb zaps a wand.
The puff of flame hits you.
You die...

#.#
#.....##..$.......
..#
#.....##.......<..
..#
#.....##..........
.##
#.....##........#
##
#...............#
#
#.#.###.........#
#
#.#.......gB....#
#.#.>...........#
#.+......#@######
#.#......#.#
#.#.....<#.#
###......#.#
#......#.#
#......#.#
#......#.#
#......#..
####.######


You could see Ijyb and a worker ant.

Vanquished Creatures
  A hound (D:4)
  An orc priest (D:3)
  A hound skeleton (D:4)
  4 adders
  4 worms
  A leopard gecko (D:3)
  4 orcs
  5 bats
  10 giant cockroaches
  9 goblins
  10 hobgoblins
  8 jackals
  6 kobolds
  A quokka (D:2)
  2 frilled lizards
  11 rats
78 creatures vanquished.

Notes
Turn   | Place    | Note
-------+----------+-------------------------------------------
     0 | D:1      | Borgoz the Ghoul Gladiator began the quest for the Orb.
     0 | D:1      | Reached XP level 1. HP: 17/17 MP: 0/0
   243 | D:1      | Reached XP level 2. HP: 23/25 MP: 1/1
   270 | D:1      | Reached skill level 3 in Long Blades
  1070 | D:2      | Reached XP level 3. HP: 30/30 MP: 2/2
  1141 | D:2      | Reached skill level 1 in Armour
  1266 | D:2      | Found an ornate altar of the Wu Jian Council.
  1453 | D:2      | Found a white marble altar of Elyvilon.
  1630 | D:2      | Reached XP level 4. HP: 37/37 MP: 3/3
  1812 | D:2      | Found a radiant altar of Vehumet.
  2761 | D:3      | Found an opulent altar of Gozag.
  2996 | D:3      | Noticed a +0 dagger
  2997 | D:3      | Noticed a +0 hand axe
  3004 | D:3      | Found a hide-covered altar of Uskayaw.
  3171 | D:3      | Reached XP level 5. HP: 43/45 MP: 4/4
  3631 | D:4      | Reached skill level 4 in Long Blades
  3648 | D:4      | Found a broken altar of Ashenzari.
  3654 | D:4      | Became a worshipper of Ashenzari the Shackled
  3753 | D:4      | Noticed Ijyb
  3776 | D:4      | Killed from afar by Ijyb

Illustrated notes

Levels and vault maps discovered:
D:1:      dpeg_arrival_signposts, layout_loops_ring, minmay_worlds_worst_comb
D:2:      layout_loops_ring, pdpol_wu_jian_five_deadly_venoms,
          nicolae_overflow_crystal_walls, elyvilon_altar_3, serial_glass,
          glass_columns_b, glass_columns_b, glass_columns_c, glass_columns_a,
          glass_columns_b, glass_columns_c, kennysheep_generic_room_4
D:3:      layout_loops_corners, dancing_weapons_uskayaw,
          nicolae_gozag_cash_rules_everything_around_me
D:4:      layout_basic, kennysheep_slug_shrine, evilmike_ruin_ashenzari,
          uniq_ijyb

Skill      XL: |  1  2  3  4  5 |
---------------+----------------+-----
Long Blades    | 3 4 |  4.1
Armour         | 1 2 |  2.0
Dodging        | 3 |  3.4
Fighting       | 3 |  3.4
Throwing       | |  1.7

Action                   |  1- 3 |  4- 6 || total
-------------------------+-------+-------++-------
Melee: Long sword        |    95 |   160 ||   255
Throw: Throwing net      |       |     2 ||     2
  Use: Scroll            |     2 |       ||     2
       Potion            |       |     3 ||     3
 Stab: Held in net/web   |       |     1 ||     1
Armor: Leather armour    |    28 |    39 ||    67
Dodge: Dodged            |    63 |   119 ||   182
       Rpst.: Long sword |    19 |    33 ||    52

Table legend: (Time is in decaauts)
 A = Elapsed time spent in this place.
 B = Non-inter-level travel time spent in this place.
 C = Inter-level travel time spent in this place.
 D = Time resting spent in this place.
 E = Time spent auto-exploring this place.
 F = Levels seen in this place.
 G = Mean time per level.
                   A        B        C        D        E       F      G
               +--------+--------+--------+--------+--------+-----+--------+
         Total |   3831 |   3714 |    117 |    827 |   2329 |   4 |  957.8 |
       Dungeon |   3831 |   3714 |    117 |    827 |   2329 |   4 |  957.8 |
               +--------+--------+--------+--------+--------+-----+--------+

Top non-repeatable levels by time:
     D:3: 1345 daAuts
     D:2: 1204 daAuts
     D:1: 1079 daAuts
     D:4: 202 daAuts
